Map: Cosmic Sapphire

Players

Torkk

  • Race: Protoss Protoss
  • Spawn Location: 5:00

MCanning - Winner!

  • Race: Protoss Protoss
  • Spawn Location: 11:00

Event: DreamHack SC2 Masters 2022 Atlanta (Offline)

VOD

Have the link to the VOD?

Description

Time

  • Played on: Nov. 18, 2022, 10:27 a.m.
  • Length: 9:45

All games in this series

Show
View Real Time Build Order
Export as new Build Order

Torkk Protoss 

Build Orders: Blink Stalkers 

Get SALT Encoding   

  12  0:00  Probe  
  13  0:12  Probe  
  14  0:19  Pylon  
  14  0:25  Probe  
  15  0:37  Probe (Chrono Boost)  
  15  0:39  Gateway  
  16  0:48  Assimilator  
  16  0:49  Probe (Chrono Boost)  
  17  0:55  Probe (Chrono Boost)  
  18  1:00  Assimilator  
  18  1:06  Probe (Chrono Boost)  
  18  1:11  Gateway  
  19  1:16  Probe (Chrono Boost)  
  20  1:21  Probe (Chrono Boost)  
  21  1:28  Cybernetics Core  
  21  1:32  Probe  
  22  1:40  Pylon  
  22  1:44  Probe  
  23  1:58  Probe  
  24  2:05  Stalker x2  
  24  2:06  Warp Gate  
  28  2:10  Probe  
  29  2:22  Probe  
  30  2:25  Pylon  
  30  2:50  Nexus  
  30  2:52  Shield Battery  
  30  2:53  Sentry  
  30  2:54  Sentry  
  34  3:04  Twilight Council  
  34  3:07  Probe  
  34  3:12  Pylon  
  35  3:25  Probe  
  36  3:34  Blink (Chrono Boost)  
  36  3:38  Probe  
  37  3:49  Forge  
  37  3:50  Probe  
  37  3:54  Stalker  
  37  3:55  Stalker  
  42  4:02  Probe  
  43  4:06  Probe  
  44  4:14  Probe  
  45  4:18  Shield Battery, Probe  
  45  4:23  Stalker x2  
  48  4:26  Probe  
  45  4:40  Shield Battery  
  45  4:44  Probe  
  46  4:55  Shield Battery  
  46  5:01  Probe x2  
  48  5:12  Stalker x2  
  52  5:19  Probe x2  
  54  5:26  Gateway  
  54  5:27  Gateway  
  54  5:33  Probe x2  
  56  5:39  Protoss Ground Weapons Level 1 (Chrono Boost)  
  56  5:42  Stalker x2  
  60  5:45  Probe x2  
  62  5:50  Charge (Chrono Boost)  
  62  6:01  Pylon  
  62  6:12  Nexus  
  62  6:14  Pylon  
  62  6:19  Probe  
  62  6:21  Stalker x3  
  62  6:24  Stalker  
  70  6:32  Probe x2, Assimilator  
  72  6:34  Pylon  
  72  6:37  Pylon  
  72  6:48  Stalker x2  
  74  7:08  Stalker x2  
  78  7:15  Shield Battery  
  78  7:17  Shield Battery, Probe x2  
  80  7:25  Probe  
  80  7:29  Probe x2  
  83  7:35  Gateway  
  83  7:36  Gateway  
  83  7:37  Probe  
  83  7:38  Gateway  
  83  7:41  Probe x2, Gateway  
  86  7:49  Probe  
  87  7:52  Stalker x2  
  87  7:53  Probe x2  
  93  8:01  Probe  
  93  8:04  Zealot x2  
  98  8:07  Probe x2  
  100  8:13  Probe, Pylon x2  
  100  8:15  Pylon  
  100  8:18  Sentry  
  100  8:19  Probe x2  
  105  8:29  Zealot x2  
  105  8:33  Robotics Facility  
  109  8:34  Zealot x4  
  116  8:44  Zealot x2  
  106  8:56  Zealot  
  106  8:57  Zealot x5  
  118  9:11  Zealot x2  
  118  9:14  Templar Archives  
  120  9:28  Zealot x5  
  120  9:29  Zealot  
Show
View Real Time Build Order
Export as new Build Order

MCanning Protoss - Winner!

Build Orders: Archon Immortal 

Get SALT Encoding   

  12  0:00  Probe  
  13  0:12  Probe  
  14  0:18  Pylon  
  14  0:24  Probe  
  15  0:36  Probe (Chrono Boost)  
  15  0:37  Gateway  
  16  0:47  Probe (Chrono Boost), Assimilator  
  17  0:52  Probe (Chrono Boost)  
  17  0:55  Assimilator  
  18  1:03  Probe  
  19  1:10  Gateway  
  19  1:15  Probe  
  20  1:25  Cybernetics Core  
  20  1:27  Probe (Chrono Boost)  
  21  1:34  Pylon  
  21  1:39  Probe (Chrono Boost)  
  22  1:44  Probe (Chrono Boost)  
  23  1:55  Probe  
  23  2:00  Warp Gate (Chrono Boost)  
  24  2:02  Sentry, Stalker  
  28  2:09  Probe  
  28  2:11  Pylon  
  29  2:21  Probe  
  30  2:24  Pylon  
  30  2:29  Sentry  
  32  2:32  Stalker  
  34  2:52  Nexus  
  34  2:58  Shield Battery  
  34  3:04  Probe  
  37  3:05  Sentry  
  37  3:11  Pylon  
  37  3:16  Probe (Chrono Boost)  
  38  3:26  Probe (Chrono Boost)  
  39  3:29  Robotics Facility  
  39  3:31  Probe (Chrono Boost)  
  40  3:41  Adept x2  
  42  3:48  Pylon  
  44  3:51  Probe  
  45  4:05  Probe (Chrono Boost), Forge  
  45  4:08  Probe (Chrono Boost)  
  47  4:15  Probe (Chrono Boost)  
  50  4:17  Observer  
  50  4:18  Probe (Chrono Boost)  
  50  4:20  Probe (Chrono Boost)  
  51  4:28  Probe  
  52  4:31  Probe  
  52  4:35  Immortal (Chrono Boost)  
  52  4:36  Protoss Ground Weapons Level 1 (Chrono Boost)  
  57  4:40  Probe, Assimilator  
  57  4:44  Probe  
  59  4:50  Twilight Council  
  59  4:52  Probe  
  58  4:56  Probe  
  59  5:04  Probe  
  60  5:08  Probe  
  60  5:12  Gateway  
  59  5:16  Gateway, Probe  
  59  5:17  Immortal (Chrono Boost)  
  59  5:20  Probe  
  65  5:23  Charge (Chrono Boost)  
  65  5:28  Probe, Pylon  
  66  5:32  Probe  
  67  5:40  Probe  
  67  5:42  Nexus  
  68  5:45  Pylon  
  68  5:49  Probe  
  69  5:50  Zealot  
  69  5:54  Observer  
  72  6:00  Templar Archives, Probe  
  72  6:01  Immortal, Probe  
  74  6:04  Gateway  
  74  6:08  Gateway  
  74  6:12  Probe  
  74  6:16  Probe  
  74  6:17  Shield Battery  
  76  6:25  Gateway, Probe  
  77  6:28  Probe  
  77  6:29  Gateway  
  77  6:31  Protoss Ground Weapons Level 2 (Chrono Boost)  
  78  6:34  Immortal  
  78  6:38  Zealot  
  84  6:42  Zealot  
  86  6:48  Pylon  
  86  6:56  High Templar x2  
  86  7:00  Archon  
  86  7:02  Zealot x4  
  86  7:04  Probe  
  95  7:10  Probe  
  95  7:12  Pylon  
  96  7:16  Probe  
  96  7:18  Assimilator  
  96  7:19  Zealot  
  96  7:22  Pylon  
  99  7:23  Warp Prism (Chrono Boost), Pylon  
  99  7:29  High Templar x2  
  105  7:32  Probe  
  105  7:34  Archon  
  105  7:35  Zealot x3  
  112  7:41  Zealot, Pylon  
  114  7:48  Gateway  
  114  7:52  Gateway  
  114  8:01  High Templar x2  
  114  8:04  Nexus  
  114  8:05  Archon, Photon Cannon  
  118  8:09  Zealot x2  
  118  8:12  Photon Cannon  
  122  8:14  Pylon  
  122  8:16  Probe  
  122  8:18  Probe  
  124  8:26  Dark Shrine  
  124  8:33  Probe  
  125  8:37  Probe  
  125  8:38  Photon Cannon  
  125  8:40  Zealot x6  
  138  8:42  High Templar x2  
  138  8:46  Archon  
  140  8:55  Zealot x2  
  134  8:57  Probe  
  134  9:00  Probe  
  136  9:03  Probe  
  137  9:10  Pylon  
  137  9:12  Pylon x2  
  137  9:18  Zealot x7  
  137  9:24  Zealot x2  
  155  9:26  Probe  
  156  9:36  Zealot  
  144  9:41  Zealot x7  
Tags
 
Add a new tag
Caveats
  • Supply blocks, unpowered buildings, or Contaminate may cause inaccurate times.
  • Supply counts are checked every 10 seconds.